 Dungeon Crawl Stone Soup version 0.30-a0-585-g93115170b9 (webtiles) character file.

Game seed: 4511939992544101387

1493 sokol815 the Slicer (level 8, -5/78 HPs)
             Began as an Octopode Brigand on Jan 2, 2023.
             Was an Initiate of Gozag.
             Slain by an iguana (7 damage)
             ... on level 6 of the Dungeon.
             The game lasted 00:08:37 (4830 turns).

sokol815 the Slicer (Octopode Brigand)              Turns: 4830, Time: 00:08:38

Health: -5/78      AC: 28    Str: 11    XL:     8   Next: 80%
Magic:  8/8        EV:  2    Int: 15    God:    Gozag
Gold:   192        SH:  0    Dex: 13    Spells: 7/7 levels left

rFire   . . .      SeeInvis .    a - +0 dagger (venom)
rCold   . . .      Faith    .    (no shield)
rNeg    . . .      Spirit   .    (helmet currently unavailable)
rPois   +          Reflect  .    (no amulet)
rElec   .          Harm     .    A - +4 ring of protection
rCorr   .          Rampage  .    Z - ring of wizardry {Wiz+, !d}
Will    .....      NoTele   +    (no ring)
Stlth   +++                      (no ring)
HPRegen 0.33/turn                (no ring)
MPRegen 0.11/turn                (no ring)
                                 (no ring)
                                 (no ring)

@: tree-form, gold aura
A: stationary, stasis, torment immunity, boosted hp, almost no armour,
(amphibious), 8 rings, (camouflage 1), (gelatinous body 1), (nimble swimmer 1),
(tentacles)
a: Renounce Religion, Potion Petition, Call Merchant, Bribe Branch


You were on level 6 of the Dungeon.
You worshipped Gozag.
Gozag was aware of your devotion.
You were a tree.
You visited 2 branches of the dungeon, and saw 7 of its levels.

You collected 262 gold pieces.
You paid 70 gold pieces to Gozag.

Inventory:

Hand Weapons
 a - a +0 dagger of venom (weapon)
   (You found it on level 3 of the Dungeon)
 b - a +2 dagger
 h - a +0 rapier
   (You took it off a kobold on level 4 of the Dungeon)
Missiles
 c - 3 curare-tipped darts
 g - 3 atropa-tipped darts
 m - 14 poisoned darts
 s - 57 stones
Jewellery
 A - a +4 ring of protection (left branch)
   (You found it on level 3 of the Dungeon)
 Z - a ring of wizardry (right branch) {Wiz+, !d}
   (You found it on level 4 of the Dungeon)
Wands
 e - a wand of charming (14)
   (You took it off Ijyb on level 5 of the Dungeon)
 q - a wand of flame (7)
   (You took it off a kobold on level 4 of the Dungeon)
Scrolls
 f - a scroll of fog
 k - a scroll of poison {!r}
 Y - 3 scrolls of teleportation {@r3}
Potions
 d - a potion of attraction {!q}
 i - a potion of might {unknown}
 j - a potion of cancellation {unknown}
 l - a potion of degeneration {unknown}
 B - a potion of brilliance
 J - 2 potions of curing {@q1}
 N - a potion of heal wounds {@q2}
 P - a potion of lignification {!q}
 R - a potion of resistance
 U - 2 potions of mutation {!q}


   Skills:
 + Level 3.1 Fighting
 - Level 10.0 Short Blades
 - Level 2.0 Throwing
 - Level 1.0 Dodging
 * Level 7.3 Stealth


You had 7 spell levels left.
You didn't know any spells.
Your spell library was empty.

Dungeon Overview and Level Annotations

Branches:
Dungeon (6/15) Zot: 26908  Temple (1/1) D:4 Zot: 5998

Altars:
Ashenzari
Cheibriados
Dithmenos
Elyvilon
Fedhas
Gozag
Kikubaaqudgha
Makhleb
Nemelex Xobeh
Okawaru
Ru
Sif Muna
Trog
Vehumet
Wu Jian
Xom
Yredelemnul
Zin
The Shining One

Annotations:
D:5 Sigmund


Innate Abilities, Weirdness & Mutations

You are a tree.
Your roots penetrate the ground, keeping you stationary.
You cannot be teleported.
You are immune to unholy pain and torment.
Your maximum health is greatly increased.
You cannot wear most types of armour.
((You are amphibious.))
You can wear up to eight rings at the same time.
((Your skin changes colour to match your surroundings (Stealth+).))
((Your rubbery body absorbs attacks. (AC +1, EV +1)))
((You are camouflaged when in or above water. (Stealth+)))
((You have tentacles for arms and can constrict up to eight enemies at once.))


Message History

You hit the phantom. You hit the phantom but do no damage. The yak gores you!
The yak gores you but does no damage. The yak barely misses you.
The yak gores you but does no damage. The phantom hits you.
You take 12 damage, and have 51/76 hp.
You miss the phantom. You hit the phantom.
The yak gores you but does no damage. x4
The phantom hits you but does no damage.
You barely miss the phantom. You hit the phantom.
The yak gores you but does no damage. x4
The phantom hits you but does no damage.
You hit the phantom but do no damage. You hit the phantom. The yak gores you.
The yak gores you but does no damage. x3
The phantom hits you but does no damage.
You take 6 damage, and have 46/76 hp.
You hit the phantom but do no damage. You closely miss the phantom.
The yak gores you but does no damage. x3
The yak gores you.
The phantom hits you but does no damage.
You take 5 damage, and have 41/76 hp.
You are too injured to fight recklessly!
You are too injured to fight recklessly!
You are too injured to fight recklessly!
You are too injured to fight recklessly!
You are too injured to fight recklessly!
You are too injured to fight recklessly!
You are too injured to fight recklessly!
You are too injured to fight recklessly!
You are too injured to fight recklessly!
You are too injured to fight recklessly!
You are too injured to fight recklessly!
You are too injured to fight recklessly!
You are too injured to fight recklessly!
You are too injured to fight recklessly!
You are too injured to fight recklessly!
You are too injured to fight recklessly!
You are too injured to fight recklessly!
You are too injured to fight recklessly!
You are too injured to fight recklessly!
You are too injured to fight recklessly!
You are too injured to fight recklessly!
You are too injured to fight recklessly!
You are too injured to fight recklessly!
You are too injured to fight recklessly!
You are too injured to fight recklessly!
You are too injured to fight recklessly!
You are too injured to fight recklessly!
You are too injured to fight recklessly!
You hit the phantom but do no damage. You hit the phantom.
The yak gores you. x2
The yak gores you but does no damage. The yak gores you!
The phantom hits you but does no damage.
You take 16 damage, and have 26/76 hp.
MASSIVE DAMAGE!!
You miss the phantom. You closely miss the phantom.
The yak gores you but does no damage. x2
The yak completely misses you. The yak gores you.
The phantom hits you but does no damage.
You take 1 damage, and have 25/76 hp.
You hit the phantom.
You destroy the phantom!
Your Fighting skill increases to level 3!
You cannot move.
You hit the yak but do no damage.
The yak gores you but does no damage. x4
You hit the yak but do no damage.
The yak is poisoned.
You hit the yak but do no damage. You punch the yak, but do no damage.
The yak gores you but does no damage. x2; The yak gores you. x2
* * * LOW HITPOINT WARNING * * *
The iguana bites you but does no damage.
You take 3 damage, and have 23/78 hp.
You completely miss the yak. You hit the yak but do no damage.
The yak looks as sick as possible!
The yak gores you but does no damage. x2; The yak gores you.
* * * LOW HITPOINT WARNING * * *
The yak gores you but does no damage.
The iguana bites you but does no damage.
You take 3 damage, and have 20/78 hp.
You hit the yak but do no damage. You hit the yak but do no damage.
The yak looks as sick as possible!
The yak gores you.
* * * LOW HITPOINT WARNING * * *
The yak gores you but does no damage. x3
An ice beast comes into view.
The iguana bites you but does no damage.
You take 4 damage, and have 16/78 hp.
You hit the yak but do no damage.
The yak is poisoned.
You hit the yak but do no damage.
The yak gores you but does no damage. x2
The yak gores you.
* * * LOW HITPOINT WARNING * * *
The yak gores you.
* * * LOW HITPOINT WARNING * * *
The iguana hisses menacingly.
The iguana bites you but does no damage.
You take 9 damage, and have 7/78 hp.
You hit the yak.
The yak looks as sick as possible!
You hit the yak.
The yak gores you but does no damage. x3; The yak gores you.
* * * LOW HITPOINT WARNING * * *
The iguana bites you!
You die...
Your body crumbles into a pile of gold.

# ##. # .... .. .....#
#.# ......###...##
...#l♣Y....# $
...Y..YYY...##
.#...........# #
#....^......# ..
.......#.$##.......
..#.##...##..####...[
.##....#..# #..##......
..........###..........
......##.........##....


You could see 4 yaks, an ice beast and an iguana.

Vanquished Creatures
  Grinder (D:5)
  A water moccasin (D:5)
  A black bear (D:6)
  2 ogres
  4 phantoms
  2 necrophages
  A howler monkey (D:6)
  4 hounds
  An iguana (D:5)
  Ijyb (D:5)
  An orc wizard (D:4)
  14 gnolls
  4 adders
  An ufetubus (D:5)
  2 worms (D:4)
  4 dart slugs
  7 orcs
  2 bats (D:2)
  5 endoplasms
  9 giant cockroaches
  5 goblins
  8 hobgoblins
  10 jackals
  4 quokkas
  5 ball pythons
  5 frilled lizards
  9 kobolds
  6 rats
119 creatures vanquished.

Notes
Turn   | Place    | Note
-------+----------+-------------------------------------------
     0 | D:1      | sokol815 the Octopode Brigand began the quest for the Orb.
     0 | D:1      | Reached XP level 1. HP: 14/14 MP: 1/1
   112 | D:1      | Reached XP level 2. HP: 19/19 MP: 2/2
   245 | D:1      | Reached skill level 3 in Short Blades
   375 | D:1      | Reached XP level 3. HP: 24/24 MP: 3/3
   546 | D:2      | Reached skill level 4 in Short Blades
   594 | D:2      | Reached XP level 4. HP: 29/29 MP: 4/4
  1082 | D:2      | Reached skill level 5 in Short Blades
  1656 | D:3      | Reached XP level 5. HP: 32/34 MP: 5/5
  2842 | D:4      | Reached skill level 6 in Short Blades
  2953 | D:4      | Noticed a phantom
  2964 | D:4      | Killed a phantom
  2965 | D:4      | Reached XP level 6. HP: 38/39 MP: 6/6
  3266 | D:4      | Reached skill level 7 in Short Blades
  3578 | D:4      | Reached XP level 7. HP: 45/45 MP: 7/7
  3664 | D:4      | Found a staircase to the Ecumenical Temple.
  3674 | Temple   | Entered the Ecumenical Temple
  3699 | D:5      | Entered Level 5 of the Dungeon
  3740 | D:5      | Reached skill level 8 in Short Blades
  4142 | D:5      | Reached skill level 9 in Short Blades
  4142 | D:5      | Reached XP level 8. HP: 48/50 MP: 8/8
  4294 | D:5      | Found a broken altar of Ashenzari.
  4294 | D:5      | Found a glowing silver altar of Zin.
  4296 | D:5      | Found a sacrificial altar of Ru.
  4298 | D:5      | Noticed Sigmund
  4390 | D:5      | Found a shimmering altar of Xom.
  4391 | D:5      | Found a bloodstained altar of Trog.
  4391 | D:5      | Found a sparkling altar of Nemelex Xobeh.
  4391 | D:5      | Found an iron altar of Okawaru.
  4392 | D:5      | Found a basalt altar of Yredelemnul.
  4394 | D:5      | Found a shadowy altar of Dithmenos.
  4395 | D:5      | Found an opulent altar of Gozag.
  4396 | D:5      | Found a shimmering blue altar of Sif Muna.
  4400 | D:5      | Became a worshipper of Gozag Ym Sagoz the Greedy
  4492 | D:5      | Noticed Grinder
  4501 | D:5      | Killed Grinder
  4502 | D:5      | Reached skill level 10 in Short Blades
  4502 | D:5      | Reached skill level 6 in Stealth
  4599 | D:5      | Noticed Ijyb
  4607 | D:5      | Killed Ijyb
  4745 | D:6      | Noticed a yak
  4752 | D:6      | Reached skill level 7 in Stealth
  4767 | D:6      | Noticed a yak
  4782 | D:6      | Noticed a yak
  4788 | D:6      | Noticed a yak
  4820 | D:6      | Reached skill level 3 in Fighting
  4826 | D:6      | HP: 16/78 [yak (4)]
  4828 | D:6      | HP: 7/78 [yak (6)]
  4830 | D:6      | HP: 2/78 [yak (6)]
  4830 | D:6      | Slain by an iguana

Illustrated notes

Levels and vault maps discovered:
D:1:      dpeg_arrival_pits, layout_basic, nrook_mini_backslash
D:2:      layout_basic, serial_park_tiny_pond, glass_columns_c,
          grunt_ministairs_1
D:3:      layout_basic
D:4:      minmay_general_purpose_star, layout_basic,
          minmay_temple_entry_poolview
D:5:      layout_cave_pools, minitemple, gammafunk_temple_overflow_wave,
          serial_bayou_crossing, uniq_ijyb, uniq_sigmund, uniq_grinder
D:6:      layout_cave_pools, nicolae_elevator_lobby_asterisk
Temple:   hellmonk_temple_micro_hex

Skill      XL: |  1  2  3  4  5  6  7  8 |
---------------+-------------------------+-----
Short Blades   | 3 4 5 6 7 9 10 | 10.0
Stealth        | 7 |  7.3
Fighting       | 3 |  3.1
Throwing       | |  2.0
Dodging        | |  1.0

Action                   |  1- 3 |  4- 6 |  7- 9 || total
-------------------------+-------+-------+-------++-------
Melee: Dagger            |    61 |   156 |   199 ||   416
       Constrict         |    16 |    36 |    16 ||    68
       Tentacles         |     9 |    46 |    44 ||    99
       Punch             |       |     3 |     3 ||     6
Throw: Stone             |     2 |       |       ||     2
  Use: Scroll            |     2 |    10 |     2 ||    14
       Potion            |       |     1 |     1 ||     2
 Stab: Sleeping          |     8 |    14 |     2 ||    24
       Distracted        |     1 |     2 |       ||     3
Armor: Skin              |     3 |    19 |   102 ||   124
Dodge: Dodged            |    22 |    72 |    58 ||   152

Table legend: (Time is in decaauts)
 A = Elapsed time spent in this place.
 B = Non-inter-level travel time spent in this place.
 C = Inter-level travel time spent in this place.
 D = Time resting spent in this place.
 E = Time spent auto-exploring this place.
 F = Levels seen in this place.
 G = Mean time per level.
                   A        B        C        D        E       F      G
               +--------+--------+--------+--------+--------+-----+--------+
         Total |   4687 |   4478 |    209 |    956 |   2686 |   7 |  669.6 |
       Dungeon |   4686 |   4478 |    208 |    956 |   2686 |   6 |  781.0 |
        Temple |      1 |      0 |      1 |      0 |      0 |   1 |    1.0 |
               +--------+--------+--------+--------+--------+-----+--------+

Top non-repeatable levels by time:
     D:3: 1310 daAuts
     D:4: 1126 daAuts
     D:2: 1009 daAuts
     D:5: 667 daAuts
     D:1: 481 daAuts
     D:6: 91 daAuts
  Temple: 1 daAuts

Table legend:
 A = Kills in this place as a percentage of kills in entire the game.
 B = Kills by you in this place as a percentage of kills by you in the entire game.
 C = Kills by friends in this place as a percentage of kills by friends in the entire game.
 D = Other kills in this place as a percentage of other kills in the entire game.
 E = Experience gained in this place as a percentage of experience gained in the entire game.
 F = Experience gained in this place divided by the number of levels of this place that you have seen.
                   A       B       C       D       E      F
               +-------+-------+-------+-------+-------+----------------------
         Total | 100.0 | 100.0 |   N/A |   N/A | 100.0 | 304.7
       Dungeon | 100.0 | 100.0 |   N/A |   N/A | 100.0 | 355.5
               +-------+-------+-------+-------+-------+----------------------
